 Dungeon Crawl Stone Soup version 0.31-a0-806-g0bc164a743 (webtiles) character file.

Game seed: 12087047447075122803

3301 randomguy2701 the Thaumaturge (level 9, -2/44 (47) HPs)
             Began as a Deep Elf Conjurer on Sept 21, 2023.
             Was an Initiate of Ashenzari.
             Shot with an arrow by an orc knight (6 damage)
             ... in a bailey.
             The game lasted 00:17:52 (8161 turns).

randomguy2701 the Thaumaturge (Deep Elf Conjurer)   Turns: 8161, Time: 00:17:53

HP:   -2/44 (47)    AC:  3    Str:  4    XL:     9   Next: 70%
MP:   0/34          EV: 13    Int: 26    God:    Ashenzari [......]
Gold: 293           SH:  0    Dex: 15    Spells: 22/29 levels left

rFire   . . .        j - +1 short sword (speed)
rCold   . . .        (no shield)
rNeg    . . .        x - +0 troll leather armour {Pargi}
rPois   .            (no helmet)
rElec   .            (no cloak)
rCorr   +            (no gloves)
SInv    .            (no boots)
Will    .....        o - amulet "Laigiuril" {Spirit Fragile Regen+ Stlth+}
Stlth   ++++         t - ring of magical power
HPRegen 1.87/turn    A - ring of resist corrosion
MPRegen 0.24/turn

%: guardian spirit
@: drained
A: no striking features
a: Renounce Religion, Curse Item


You were in a bailey.
You worshipped Ashenzari.
Ashenzari was noncommittal.
You visited 2 branches of the dungeon, and saw 8 of its levels.
You also visited: Bailey.

You collected 293 gold pieces.

Inventory:

Hand Weapons
 j - a +1 short sword of speed (weapon)
 H - a +5 dagger of venom
Armour
 a - a +0 robe
 x - a +0 troll leather armour (worn) {Pargi}
Jewellery
 c - an amulet of magic regeneration
 o - the amulet "Laigiuril" (around neck) {Spirit Fragile Regen+ Stlth+}
   (You found it on level 2 of the Dungeon)

   [amulet of guardian spirit]

   Spirit:    It causes incoming damage to be divided between your reserves of
   health and magic.
   Regen+:    It increases your rate of health regeneration.
   Fragile:   It will be destroyed if unequipped.
   Stlth+:    It makes you more stealthy.
 t - a ring of magical power (left hand)
 A - a ring of resist corrosion (right hand)
Wands
 r - a wand of flame (11)
Scrolls
 d - 2 scrolls of fog {unknown}
 e - a scroll of silence {unknown}
 f - 7 scrolls of identify {unknown}
 k - a scroll of poison {unknown}
 m - 2 scrolls of teleportation {unknown}
 q - a scroll of amnesia {unknown}
 s - 2 scrolls of revelation {unknown}
 u - 3 scrolls of enchant weapon {unknown}
 v - a scroll of enchant armour {unknown}
 y - a scroll of torment {unknown}
 C - a scroll of immolation {unknown}
 D - a scroll of blinking {unknown}
 E - a scroll of fear {unknown}
 F - a scroll of noise {unknown}
Potions
 b - a potion of magic
 g - 2 potions of enlightenment {unknown}
 h - 2 potions of ambrosia {unknown}
 i - a potion of cancellation {unknown}
 l - 2 potions of curing
 n - 3 potions of resistance {unknown}
 p - a potion of brilliance {unknown}
 w - a potion of invisibility {unknown}
 z - 2 potions of heal wounds {unknown}
 B - a potion of attraction {unknown}
 G - 2 potions of might {unknown}


   Skills:
 + Level 1.1 Fighting
 + Level 2.2 Short Blades
 - Level 1.4 Armour
 * Level 6.5 Dodging
 + Level 5.1 Stealth
 + Level 10.9 Spellcasting
 + Level 10.3 Conjurations


You had 22 spell levels left.
You knew the following spells:

 Your Spells              Type           Power      Damage    Failure   Level
a - Magic Dart            Conj           100%       1d8       1%          1
b - Searing Ray           Conj           100%       2d8       1%          2
c - Momentum Strike       Conj/Tloc      82%        3d10      1%          2
d - Blink                 Tloc           28%        N/A       11%         2

Your spell library contained the following spells:

 Spells                   Type           Power      Damage    Failure   Level
 Dazzling Flash           Conj/Hex       82%        N/A       2%          3
 Mephitic Cloud           Conj/Pois/Air  32%        N/A       5%          3
 Fulminant Prism          Conj/Hex       20%        3d12      9%          4
 Iskenderun's Mystic Bla  Conj/Tloc      41%        2d9       9%          4
 Lesser Beckoning         Tloc           28%        N/A       11%         2
 Poisonous Vapours        Pois/Air       28%        N/A       11%         2
 Freezing Cloud           Conj/Ice/Air   16%        6-21      43%         5


Dungeon Overview and Level Annotations

Branches:
Dungeon (7/15)             Temple (1/1) D:5          Bailey (1/1)

Altars:
Ashenzari
Cheibriados
Dithmenos
Elyvilon
Fedhas
Hepliaklqana
Makhleb
Nemelex Xobeh
Okawaru
Qazlal
Ru
Sif Muna
Trog
Uskayaw
Vehumet
Xom
Yredelemnul
Zin
The Shining One

Annotations:
D:6 2 transporters, Dittersdorf's ghost, amateur GrFi


Message History

The orc warrior is severely wounded.
The magic dart hits the orc warrior but does no damage.
The orc warrior is severely wounded.
The magic dart hits the orc warrior but does no damage.
The orc warrior is severely wounded.
The magic dart hits the orc warrior but does no damage.
The orc warrior is severely wounded.
The orc warrior misses you.
The magic dart hits the orc warrior.
The orc warrior is severely wounded.
The magic dart hits the orc warrior.
The orc warrior is almost dead.
The orc warrior closely misses you.
The magic dart hits the orc warrior but does no damage.
The orc warrior is almost dead.
The orc warrior completely misses you.
The orc knight shoots an arrow.
The arrow hits you!!
You feel drained.
Unknown command.
Casting: Magic Dart (safe; 1% risk of failure)
Confirm with . or Enter, or press ? or * to list all spells.
Aiming: Searing Ray (safe; 1% risk of failure)
Press: ? - help, Shift-Dir - straight line, f/p - orc warrior
Aim: an orc warrior, wielding a +0 broad axe and wearing a +0 scale mail (almost dead, 79% to hit)
The searing ray hits the orc warrior but does no damage.
The orc warrior is almost dead. (Press . to maintain the ray.)
The orc warrior hits you with a +0 broad axe!!
* * * LOW HITPOINT WARNING * * *
Unknown command.
The searing ray hits the orc warrior but does no damage.
The orc warrior is almost dead.
The orc warrior hits you with a +0 broad axe!
* * * LOW HITPOINT WARNING * * *
The orc knight shoots an arrow.
The arrow hits you.
* * * LOW HITPOINT WARNING * * *
You feel drained.
Without enough magic to sustain it, your searing ray dissipates.
The orc warrior barely misses you.
The orc knight shoots an arrow.
The arrow hits you.
You die...

####.(.####
##~.(..)(.~##
##~~(..(((.~~#####
..~(.(...(.~~....#
##~~......(~~###.#
..~~.......~~....#
##~~.......~~###.#
..~~.......~~....#
##~~..o@...~~###.#
..~~...)...~~....#
##~~.......~~###.#
..~~.......~~....#
##~~.......~~#####
##~...o...~##
####'''####
##.....##
#∩.....∩#


You could see an orc knight and an orc warrior.

Vanquished Creatures
  Pikel (D:5)
  Grinder (D:3)
  Prince Ribbit (D:5)
  Eustachio (D:4)
  Menkaure (D:4)
  A water moccasin (D:6)
  Duvessa (D:4)
  Pargi (D:3)
  A sky beast (D:7)
  2 ogres
  A lemure (D:5)
  Blork the orc (D:5)
  4 kobold brigands (Bailey)
  A bullfrog (D:7)
  3 scorpions (D:6)
  5 wights (D:6)
  Dowan (D:4)
  2 howler monkeys
  An orc priest (D:6)
  3 hounds
  2 sleepcaps
  Ijyb (D:3)
  Terence (D:3)
  3 iguanas
  An orc wizard (D:7)
  11 adders
  13 gnolls
  A shadow imp (D:5)
  2 white imps (D:6)
  2 ufetubi
  A worm (D:2)
  2 dart slugs
  15 orcs
  10 ball pythons
  5 bats
  4 endoplasms
  5 giant cockroaches
  13 goblins
  8 hobgoblins
  3 jackals (D:5)
  18 kobolds
  9 quokkas
  5 frilled lizards
  4 rats
172 creatures vanquished.

Notes
Turn   | Place    | Note
-------+----------+-------------------------------------------
     0 | D:1      | randomguy2701 the Deep Elf Conjurer began the quest for the
                  | Orb.
     0 | D:1      | Reached XP level 1. HP: 10/10 MP: 6/6
   182 | D:1      | Reached XP level 2. HP: 15/15 MP: 6/8
   490 | D:1      | Reached skill level 5 in Conjurations
  1138 | D:1      | Learned a level 2 spell: Searing Ray
  1178 | D:2      | Reached XP level 3. HP: 19/19 MP: 7/9
  1693 | D:2      | Reached XP level 4. HP: 24/24 MP: 9/11
  2070 | D:2      | Identified the amulet "Laigiuril" {Spirit Fragile Regen+
                  | Stlth+}
  2344 | D:3      | Noticed Terence
  2370 | D:3      | Killed Terence
  2484 | D:3      | Noticed Ijyb
  2493 | D:3      | Killed Ijyb
  2494 | D:3      | Reached XP level 5. HP: 25/28 MP: 0/13
  2595 | D:3      | Found a faded altar of an unknown god.
  3411 | D:3      | Noticed Pargi
  3414 | D:3      | Found a snail-covered altar of Cheibriados.
  3424 | D:3      | Noticed Grinder
  3807 | D:3      | Killed Grinder
  3808 | D:3      | Reached skill level 5 in Spellcasting
  3808 | D:3      | Reached XP level 6. HP: 32/32 MP: 7/16
  3946 | D:4      | Found a burning altar of Makhleb.
  4054 | D:4      | Noticed Menkaure
  4060 | D:4      | Noticed Eustachio
  4061 | D:4      | Killed Menkaure
  4062 | D:4      | Reached XP level 7. HP: 36/36 MP: 9/18
  4191 | D:3      | Killed Pargi
  4437 | D:4      | Noticed Duvessa
  4437 | D:4      | Noticed Dowan
  4447 | D:4      | Killed Duvessa
  4460 | D:4      | Killed Dowan
  4816 | D:4      | Killed Eustachio
  4817 | D:4      | Reached XP level 8. HP: 24/41 MP: 3/22
  5151 | D:5      | Entered Level 5 of the Dungeon
  5271 | D:5      | Found a hide-covered altar of Uskayaw.
  5284 | D:5      | Noticed Prince Ribbit
  5292 | D:5      | Killed Prince Ribbit
  5293 | D:5      | Reached skill level 1 in Short Blades
  5293 | D:5      | Reached skill level 1 in Armour
  5419 | D:5      | Noticed Blork the orc
  5426 | D:5      | Killed Blork the orc
  5507 | D:5      | Found a staircase to the Ecumenical Temple.
  5545 | D:5      | Noticed Pikel
  5573 | D:5      | Killed Pikel
  5574 | D:5      | Reached skill level 5 in Stealth
  5699 | D:5      | Found a radiant altar of Vehumet.
  5699 | D:5      | Found a white marble altar of Elyvilon.
  5748 | D:5      | Reached skill level 5 in Dodging
  6156 | D:5      | Reached XP level 9. HP: 46/46 MP: 23/24
  6309 | Temple   | Entered the Ecumenical Temple
  6317 | Temple   | Became a worshipper of Ashenzari the Shackled
  6604 | D:6      | Found a glowing golden altar of the Shining One.
  6775 | D:6      | Reached skill level 10 in Spellcasting
  6955 | D:6      | Noticed Dittersdorf's ghost (amateur GrFi)
  6973 | D:6      | Found a transporter.
  7198 | D:6      | Identified the +8 mace "Xeubbet" {spect, Fly}
  7268 | D:6      | Found a transporter.
  7489 | D:7      | Learned a level 2 spell: Momentum Strike
  7605 | D:7      | Reached skill level 10 in Conjurations
  7614 | D:7      | Found a shimmering altar of Xom.
  7614 | D:7      | Found a basalt altar of Yredelemnul.
  7615 | D:7      | Found a shimmering blue altar of Sif Muna.
  7649 | D:7      | HP: 1/46 [sky beast (6)]
  7850 | D:7      | Found a flagged portal.
  7856 | D:7      | Found a stormy altar of Qazlal.
  7868 | Bailey   | Entered a bailey
  7875 | Bailey   | Learned a level 2 spell: Blink
  7896 | Bailey   | Reached skill level 1 in Fighting
  8116 | Bailey   | Noticed an orc knight
  8156 | Bailey   | Identified the +2 orcbow of Sap Pirgh {drain, Fly rF+}
  8160 | Bailey   | HP: 2/45 [orc knight/arrow (1)]
  8161 | Bailey   | Shot with an arrow by an orc knight

Illustrated notes

Levels and vault maps discovered:
D:1:      saegor_arrival_fortress, layout_basic, minmay_misc_feat_nine_boxes
D:2:      layout_loops_cross, minivault_26, minivault_26
D:3:      wad_woods_tower, layout_basic, mainiacjoe_overflow_chevrons,
          ebering_ecumenical_altar_webs, uniq_grinder, uniq_pargi, uniq_terence,
          uniq_ijyb
D:4:      layout_gridville, general_overflow_altar, uniq_duvessa, uniq_menkaure,
          uniq_eustachio
D:5:      wander_river, layout_rooms,
          chequers_temple_overflow_statue_of_worship,
          nicolae_overflow_crystal_walls, temple_pool_b, nicolae_half_adder,
          uniq_blork_the_orc, uniq_prince_ribbit1, uniq_pikel
D:6:      layout_layer_cave, tso_metal_star, gammafunk_ghost_stat_death,
          grunt_decor_mini_mirrors, hangedman_decor_lopped, moated_statue
D:7:      statuecave_lemuel, layout_loops_ring, gammafunk_temple_overflow_claw,
          nicolae_qazlal_beasts_of_the_sky, lemuel_doored_altar, serial_shops,
          shop, enter_bailey_5, st_stairs_13
Temple:   nicolae_temple_bog_church
Bailey:   bailey_axe_3, bailey

Skill      XL: |  1  2  3  4  5  6  7  8  9 |
---------------+----------------------------+-----
Conjurations   | 5 6 7 8 9 10 | 10.3
Stealth        | 3 4 5 |  5.1
Spellcasting   | 4 5 6 8 9 10 | 10.9
Dodging        | 3 5 6 |  6.5
Short Blades   | 2 |  2.2
Armour         | 1 |  1.4
Fighting       | 1 |  1.1

Action                     |  1- 3 |  4- 6 |  7- 9 || total
---------------------------+-------+-------+-------++-------
  Melee: Short sword       |     8 |     1 |    24 ||    33
   Cast: Magic Dart        |    65 |   100 |   290 ||   455
         Searing Ray       |     1 |     9 |    23 ||    33
         Momentum Strike   |       |       |     1 ||     1
    Use: Potion            |       |       |     1 ||     1
 Armour: Robe              |    10 |     3 |     3 ||    16
         Troll leather arm |       |       |    63 ||    63
  Dodge: Dodged            |     7 |    16 |    69 ||    92

Table legend: (Time is in decaauts)
 A = Elapsed time spent in this place.
 B = Non-inter-level travel time spent in this place.
 C = Inter-level travel time spent in this place.
 D = Time resting spent in this place.
 E = Time spent auto-exploring this place.
 F = Levels seen in this place.
 G = Mean time per level.
                   A        B        C        D        E       F      G
               +--------+--------+--------+--------+--------+-----+--------+
         Total |   8178 |   7744 |    434 |      0 |   6537 |   9 |  908.7 |
       Dungeon |   7858 |   7434 |    424 |      0 |   6334 |   7 | 1122.6 |
        Temple |     18 |      9 |      9 |      0 |      0 |   1 |   18.0 |
        Bailey |    301 |    301 |      0 |      0 |    203 |   1 |  301.0 |
               +--------+--------+--------+--------+--------+-----+--------+

Top non-repeatable levels by time:
     D:3: 1609 daAuts
     D:2: 1242 daAuts
     D:5: 1235 daAuts
     D:1: 1166 daAuts
     D:4: 1127 daAuts
     D:6: 1080 daAuts
     D:7: 398 daAuts
  Bailey: 301 daAuts
  Temple: 18 daAuts
